 Dungeon Crawl Stone Soup version 0.31-a0-889-g1a8549509d (webtiles) character file.

Game seed: 13912011808498275818

773 Maratek the Skirmisher (level 7, -4/46 HPs)
             Began as an Octopode Hunter on Oct 16, 2023.
             Slain by a kobold brigand
             ... wielding a +0 short sword
              (6 damage)
             ... on level 4 of the Dungeon.
             The game lasted 00:06:17 (3445 turns).

Maratek the Skirmisher (Octopode Hunter)            Turns: 3445, Time: 00:06:18

Health: -4/46      AC:  1    Str: 11    XL:     7   Next: 83%
Magic:  7/7        EV: 14    Int: 11    God:
Gold:   219        SH:  0    Dex: 17    Spells: 6/6 levels left

rFire   . . .        a - +1 shortbow
rCold   . . .        (shield currently unavailable)
rNeg    . . .        (helmet restricted)
rPois   .            e - amulet of magic regeneration
rElec   .            (no ring)
rCorr   .            (no ring)
SInv    .            (no ring)
Will    .....        (no ring)
Stlth   +++          (no ring)
HPRegen 0.27/turn    (no ring)
MPRegen 0.50/turn    (no ring)
                     (no ring)

%: no passive effects
@: slowed, studying Ranged Weapons, very slow
A: almost no armour, amphibious, 8 rings, camouflage 1, gelatinous body 1,
(nimble swimmer 1), tentacles
a: no special abilities


You were on level 4 of the Dungeon.
You visited 1 branch of the dungeon, and saw 4 of its levels.
You also visited: Sewer.

You collected 219 gold pieces.

Inventory:

Hand Weapons
 a - a +1 shortbow (weapon)
Jewellery
 c - a ring of protection from fire
 e - an amulet of magic regeneration (around mantle)
Wands
 i - a wand of flame (8)
 m - a wand of paralysis (5)
Scrolls
 b - 2 scrolls of butterflies
 d - 3 scrolls of teleportation
 h - a scroll of identify
 j - a scroll of fear
Potions
 f - 3 potions of enlightenment
 g - 3 potions of magic {unknown}
 l - 5 potions of curing {unknown}
 o - 3 potions of heal wounds {unknown}
 r - a potion of resistance {unknown}
 s - a potion of mutation {unknown}


   Skills:
 + Level 3.4 Fighting
 * Level 9.4 Ranged Weapons
 + Level 2.5 Dodging
 + Level 2.6 Stealth


You had 6 spell levels left.
You didn't know any spells.
Your spell library contained the following spells:

 Spells                   Type           Power      Damage    Failure   Level
 Freeze                   Ice            0%         1d3       34%         1
 Frozen Ramparts          Ice            0%         1d1       71%         3
 Hailstorm                Conj/Ice       0%         3d3       71%         3


Dungeon Overview and Level Annotations

Branches:
Dungeon (4/15)              Sewer (visited)
 Temple: D:4-7

Altars:
Makhleb

Annotations:
D:4 1 transporter


Innate Abilities, Weirdness & Mutations

You cannot wear most types of armour.
You are amphibious.
You can wear up to eight rings at the same time.
Your skin changes colour to match your surroundings (Stealth+).
Your rubbery body absorbs attacks. (AC +1, EV +1)
((You are camouflaged when in or above water. (Stealth+)))
You have tentacles for arms and can constrict up to eight enemies at once.


Message History

The arrow closely misses the kobold brigand.
You shoot an arrow.
The arrow barely misses the kobold brigand.
The kobold brigand throws a curare-tipped dart.
The curare-tipped dart hits you.
You are poisoned.
You have difficulty breathing.
You feel yourself slow down.
You shoot an arrow.
The arrow barely misses the kobold brigand.
You feel very sick.
You shoot an arrow.
The arrow barely misses the kobold brigand.
You feel sick.
You shoot an arrow.
The arrow barely misses the kobold brigand.
You feel sick.
The kobold brigand hits you with a +0 short sword.
The kobold brigand hits you with a +0 short sword!
You are too injured to fight recklessly!
You are too injured to fight recklessly!
You are too injured to fight recklessly!
Fire: a) +1 shortbow
Press: ? - help, Q - select action, (/) - cycle Shift-Dir - straight line, f/p - kobold brigand
Aim: a kobold brigand, wielding a +0 short sword and quivering curare-tipped darts (heavily wounded, 60% to hit)
You shoot an arrow. The arrow hits the kobold brigand.
The kobold brigand is heavily wounded.
You feel sick.
The kobold brigand hits you with a +0 short sword.
* * * LOW HITPOINT WARNING * * *
Fire: a) +1 shortbow
Press: ? - help, Q - select action, (/) - cycle Shift-Dir - straight line, f/p - kobold brigand
Aim: a kobold brigand, wielding a +0 short sword and quivering curare-tipped darts (heavily wounded, 60% to hit)
You shoot an arrow.
The arrow closely misses the kobold brigand.
You feel sick.
You are no longer poisoned.
The kobold brigand hits you with a +0 short sword!
* * * LOW HITPOINT WARNING * * *
The kobold brigand hits you with a +0 short sword.
You die...

####### .......
###.......
#.........
#.#.......
#.#.......
#######.#K......
#.......@....#
#...>...####.#
#.......# .#
#.......# #.#####
#.......# #.....#
###.......####.....#
#............+.....#
#.#.......####.....#
#.##.........#.....#


You could see a kobold brigand.

Vanquished Creatures
  Grinder (D:3)
  2 ogres (D:4)
  A kobold brigand (Sewer)
  2 hounds (D:3)
  An orc priest (D:4)
  4 gnolls (D:3)
  9 adders
  3 river rats (Sewer)
  3 worms
  2 dart slugs
  7 orcs
  7 ball pythons
  4 bats
  9 endoplasms
  5 giant cockroaches
  6 goblins
  7 hobgoblins
  2 jackals (D:1)
  10 kobolds
  A quokka (D:2)
  2 frilled lizards
  7 rats
95 creatures vanquished.

Notes
Turn   | Place    | Note
-------+----------+-------------------------------------------
     0 | D:1      | Maratek the Octopode Hunter began the quest for the Orb.
     0 | D:1      | Reached XP level 1. HP: 14/14 MP: 1/1
    81 | D:1      | Reached XP level 2. HP: 19/19 MP: 2/2
   253 | D:1      | Reached XP level 3. HP: 24/24 MP: 3/3
   647 | D:2      | Reached skill level 5 in Ranged Weapons
  1290 | D:2      | Found a faded altar of an unknown god.
  1409 | D:3      | Reached XP level 4. HP: 29/29 MP: 4/4
  1436 | D:3      | Noticed Grinder
  1442 | D:3      | Paralysed by Grinder for 2 turns
  1450 | D:3      | Paralysed by Grinder for 3 turns
  1455 | D:3      | Killed Grinder
  1456 | D:3      | Reached skill level 6 in Ranged Weapons
  1456 | D:3      | Reached XP level 5. HP: 11/35 MP: 5/5
  1456 | D:3      | Reached XP level 6. HP: 13/41 MP: 6/6
  1660 | D:3      | Found a burning altar of Makhleb.
  1769 | D:3      | Found a glowing drain.
  1781 | Sewer    | Entered a sewer
  1957 | Sewer    | Reached skill level 7 in Ranged Weapons
  2226 | Sewer    | Reached XP level 7. HP: 46/46 MP: 7/7
  2745 | D:3      | Identified a scroll of acquirement
  2746 | D:3      | Acquired a manual of Ranged Weapons
  2809 | D:4      | Found a transporter.
  3047 | D:4      | Reached skill level 8 in Ranged Weapons
  3231 | D:4      | Reached skill level 9 in Ranged Weapons
  3445 | D:4      | HP: 2/46 [kobold brigand/+0 short sword (8)]
  3445 | D:4      | Slain by a kobold brigand

Illustrated notes

Levels and vault maps discovered:
D:1:      matt_arrival_diagonals, layout_rooms
D:2:      layout_loops_corners, dreamdust_ecumenical_altar_grove,
          minmay_pentomino_z2
D:3:      layout_basic, general_overflow_altar, cheibrodos_sewer_entry_bend,
          cheibrodos_gnoll_hut, uniq_grinder
D:4:      cheibrodos_pilgrimage, layout_basic, mainiacjoe_overflow_alcove_4,
          gammafunk_ghost_arena

Skill      XL: |  1  2  3  4  5  6  7 |
---------------+----------------------+-----
Ranged Weapons | 5 6 7 9 |  9.4
Stealth        | 2 |  2.6
Fighting       | 3 |  3.4
Dodging        | |  2.5

Action                     |  1- 3 |  4- 6 |  7- 9 || total
---------------------------+-------+-------+-------++-------
   Fire: Shortbow          |   105 |   129 |   124 ||   358
    Use: Scroll            |       |       |     9 ||     9
 Armour: Skin              |    10 |    27 |    17 ||    54
  Dodge: Dodged            |    14 |    32 |    27 ||    73

Table legend: (Time is in decaauts)
 A = Elapsed time spent in this place.
 B = Non-inter-level travel time spent in this place.
 C = Inter-level travel time spent in this place.
 D = Time resting spent in this place.
 E = Time spent auto-exploring this place.
 F = Levels seen in this place.
 G = Mean time per level.
                   A        B        C        D        E       F      G
               +--------+--------+--------+--------+--------+-----+--------+
         Total |   3470 |   3397 |     73 |    105 |   2716 |   5 |  694.0 |
       Dungeon |   2890 |   2817 |     73 |    105 |   2278 |   4 |  722.5 |
         Sewer |    579 |    579 |      0 |      0 |    438 |   1 |  579.0 |
               +--------+--------+--------+--------+--------+-----+--------+

Top non-repeatable levels by time:
     D:2: 866 daAuts
     D:3: 842 daAuts
     D:4: 670 daAuts
   Sewer: 579 daAuts
     D:1: 511 daAuts
